 Dungeon Crawl Stone Soup version 0.20-a0-923-g548304e (webtiles) character file.

33 Denreik the Sneak (level 3, -45/26 HPs)
             Began as an Octopode Abyssal Knight on Mar 26, 2017.
             Was a Follower of Lugonu.
             Killed from afar by a lich (66 damage)
             ... with an iron shot
             ... on level 2 of the Abyss.
             The game lasted 00:02:44 (190 turns).

Denreik the Sneak (Octopode Abyssal Knight)          Turns: 190, Time: 00:02:45

Health: -45/26     AC:  1    Str: 11    XL:     3   Next: 29%
Magic:  12/13      EV: 13    Int: 14    God:    Lugonu [*.....]
Gold:   56         SH:  0    Dex: 12    Spells: 2/2 levels left

rFire    . . .     SeeInvis .   a - +1 spear
rCold    . . .     Gourm    .   (no shield)
rNeg     . . .     Faith    .   (helmet restricted)
rPois    .         Spirit   .   (no amulet)
rElec    .         Reflect  .   c - ring of magical power
rCorr    .         Harm     .   (no ring)
MR       .....                  (no ring)
Stlth    +++.......             (no ring)
Regen    0.1/turn               (no ring)
MPRegen  0.2/turn               (no ring)
                                (no ring)
                                (no ring)

@: no status effects
A: almost no armour, stealthy swim, amphibious, 8 rings, constrict 8, camouflage
1, gelatinous body 1
a: Depart the Abyss, Renounce Religion


You were on level 2 of the Abyss.
You worshipped Lugonu.
Lugonu was aware of your devotion.
You were not hungry.

You visited 0 branches of the dungeon, and saw 0 of its levels.
You visited the Abyss 1 time.

You collected 56 gold pieces.

Inventory:

Hand Weapons
 a - a +1 spear (weapon)
Jewellery
 c - a ring of magical power (left tentacle)
Wands
 f - a wand of random effects (15/48)
Potions
 d - a potion of magic {unknown}
 e - 2 potions of curing {unknown}
Comestibles
 b - a bread ration
 g - a meat ration


   Skills:
 - Level 3.0 Fighting
 - Level 2.0 Polearms
 - Level 2.3 Dodging
 * Level 4.1 Stealth
 - Level 2.0 Invocations


You had 2 spell levels left.
You didn't know any spells.

Dungeon Overview and Level Annotations

Branches:
Dungeon (0/15)

Altars:


Innate Abilities, Weirdness & Mutations

You cannot wear most types of armour.
You are very stealthy in the water. (Stealth+)
You are amphibious.
You can wear up to eight rings at the same time.
You can use your tentacles to constrict eight enemies at once.
Your skin changes colour to match your surroundings (Stealth+).
Your rubbery body absorbs attacks. (AC +1, EV +1)


Message History

Press: ? - help, v - describe, . - travel
Here: a glaive of chopping (hasn't noticed you)
The floor.
The glaive of chopping moves out of view.
You plunge deeper into the Abyss.
e - 2 fuming black potions You now have 56 gold pieces (gained 30).
There are no items here.
f - a wand of random effects (?/48)
g - a meat ration
There are no items here.
A lich comes into view.
The lich shouts!
Found a gluggy blue potion.
A wolf spider simulacrum comes into view.
The wolf spider simulacrum moves out of view.
The lich points at you and mumbles some strange words.
The iron shot hits you!
Ouch! That really hurt!
You die...

#. . ####.. .#..
#...#. .## ...##
##........ ..
#...###.##..####...
!...#.....###.....
#......L......#.. #.
###...#...#......# .
#...###.....#.#.# .
###@## ##..#...##..
#....###.....#..#.#.
#.##...#....##.#.#
.. #............ .#.
#. #...#...##......#
# #..###......#.#...
#..## ##..... . ..
..... #...#...## ..
..#.. #. .....#. .


You could see a lich.

Vanquished Creatures
  An iron imp (Abyss:1)
  An ufetubus (Abyss:1)
2 creatures vanquished.

Notes
Turn   | Place    | Note
-------+----------+-------------------------------------------
     0 | Abyss:1  | Denreik the Octopode Abyssal Knight began the quest for the Orb.
     0 | Abyss:1  | Reached XP level 1. HP: 16/16 MP: 2/2
    56 | Abyss:1  | Noticed a small abomination
   109 | Abyss:1  | Noticed an iron imp
   112 | Abyss:1  | Reached skill level 2 in Stealth
   120 | Abyss:1  | Killed an iron imp
   120 | Abyss:1  | Reached skill level 4 in Stealth
   120 | Abyss:1  | Reached XP level 2. HP: 13/21 MP: 3/3
   120 | Abyss:1  | Reached XP level 3. HP: 16/26 MP: 4/4
   126 | Abyss:1  | Noticed a wraith
   152 | Abyss:1  | Noticed a glaive of chopping
   178 | Abyss:2  | Noticed a lich
   187 | Abyss:2  | Noticed a wolf spider simulacrum
   190 | Abyss:2  | Killed from afar by a lich

Vault maps used:
Abyss:1:  serial_sigils_hangedman_shear

Skill      XL: |  1 |
---------------+----+-----
Stealth        | 4 |  4.1
Fighting       | |  3.0
Polearms       | |  2.0
Dodging        | |  2.3
Invocations    | |  2.0

Action                   || total
-------------------------++-------
Melee: Spear             ||    11
       Constrict         ||     2
       Tentacles         ||     1
Dodge: Dodged            ||    11
